 Dungeon Crawl Stone Soup version 0.29-a0-821-g66395355a5 (webtiles) character file.

Game seed: 6486279245972618799

16830 RevDB the Nimble (level 12, 0/56 HPs)
             Began as a Spriggan Arcane Marksman on July 7, 2022.
             Was a High Priest of Okawaru.
             Slain by a thrashing horror (4 damage)
             ... on level 2 of the Abyss.
             The game lasted 02:55:40 (15535 turns).

RevDB the Nimble (Spriggan Arcane Marksman)        Turns: 15535, Time: 02:55:41

Health: 0/56       AC:  6    Str:  6    XL:     12   Next: 13%
Magic:  4/23       EV: 28    Int: 20    God:    Okawaru [*****.]
Gold:   789        SH:  0    Dex: 21    Spells: 5/25 levels left

rFire   + . .      SeeInvis +   a - +0 arbalest
rCold   x . .      Faith    .   (shield currently unavailable)
rNeg    . . .      Spirit   .   y - +2 robe {Will+}
rPois   +          Reflect  .   (helmet restricted)
rElec   .          Harm     .   Y - +1 cloak {rPois}
rCorr   .          Rampage  .   (gloves unavailable)
Will    +++..                   (boots unavailable)
Stlth   ++........              (no amulet)
HPRegen 0.18/turn               J - +6 ring of intelligence
MPRegen 0.18/turn               V - ring of fire

@: about to teleport, very quick
A: very small, no large weapons, unfitting armour, see invisible, speed 3
a: Renounce Religion, Heroism, Finesse, Duel


You were on level 2 of the Abyss.
You worshipped Okawaru.
Okawaru was extremely pleased with you.
You visited 3 branches of the dungeon, and saw 13 of its levels.
You visited the Abyss 1 time.
You also visited: Volcano.

You collected 789 gold pieces.

Inventory:

Hand Weapons
 a - a +0 arbalest (weapon)
 b - the +8 lance "Wyrmbane" {slay drac, rPois rF+ rC+ AC+3}
   (You found it on level 2 of the Dungeon)

   It inflicts extra damage against dragons and draconians.
   AC:        It affects your AC (+3).
   rF:        It protects you from fire.
   rC:        It protects you from cold.
   rPois:     It protects you from poison.
 l - a +1 dagger of holy wrath
 q - a +0 dagger of venom
 z - the +3 short sword of the Crawling Thing {holy, *Corrode rElec rPois Dex+5}
   (You took it off an orc on level 5 of the Dungeon)

   It has been blessed by the Shining One to cause great damage to the undead
   and demons.
   Dex:       It affects your dexterity (+5).
   rElec:     It insulates you from electricity.
   rPois:     It protects you from poison.
   *Corrode:  It may corrode you when you take damage.
 I - a +1 sling of freezing
 K - a +2 dagger of distortion
 N - a +0 shortbow
 P - a +5 flail of freezing
 R - a +0 arbalest
Missiles
 L - 3 throwing nets
Armour
 c - a +0 robe
 y - a +2 robe of willpower (worn)
 Q - +0 steam dragon scales
 S - +0 acid dragon scales
 T - a +0 troll leather armour
 U - a +0 robe
 Y - a +1 cloak of poison resistance (worn)
Jewellery
 t - a ring of protection from fire
 J - a +6 ring of intelligence (left hand)
 V - a ring of fire (right hand)
Wands
 r - a wand of iceblast (8)
 v - a wand of flame (53)
 M - a wand of paralysis (11)
 X - a wand of quicksilver (7)
Scrolls
 d - 2 scrolls of enchant armour
 g - 3 scrolls of teleportation
 i - 2 scrolls of noise
 k - 2 scrolls of vulnerability
 o - 3 scrolls of magic mapping
 w - 2 scrolls of immolation
 A - a scroll of fear
 B - a scroll of brand weapon {unknown}
 F - 2 scrolls of amnesia
 G - 4 scrolls of blinking
 O - 2 scrolls of silence
 W - a scroll of fog {unknown}
Potions
 e - a potion of resistance
 f - 5 potions of attraction
 h - 2 potions of haste
 j - a potion of berserk rage {unknown}
 m - a potion of invisibility {unknown}
 n - 6 potions of curing
 p - 2 potions of lignification
 s - 6 potions of mutation {unknown}
 u - a potion of degeneration {unknown}
 x - a potion of cancellation {unknown}
 C - 3 potions of brilliance {unknown}
 D - a potion of magic {unknown}
 E - a potion of flight {unknown}
 H - a potion of heal wounds {unknown}


   Skills:
 - Level 3.0 Fighting
 - Level 12.0 Ranged Weapons
 + Level 12.2 Dodging
 - Level 7.0 Spellcasting
 - Level 9.0 Hexes
 - Level 12.0 Translocations
 - Level 4.0 Invocations


You had 5 spell levels left.
You knew the following spells:

 Your Spells              Type           Power      Damage    Failure   Level
a - Slow                  Hex            100%       N/A       1%          1
b - Inner Flame           Hex/Fire       37%        N/A       4%          3
c - Cause Fear            Hex            21%        N/A       2%          4
d - Gell's Gravitas       Tloc           53%        N/A       1%          3
e - Portal Projectile     Hex/Tloc       98%        N/A       1%          3
f - Dispersal             Tloc           26%        N/A       11%         6

Your spell library contained the following spells:

 Spells                   Type           Power      Damage    Failure   Level
 Teleport Other           Tloc           53%        N/A       1%          3
 Ensorcelled Hibernation  Hex/Ice        50%        N/A       2%          2
 Foxfire                  Conj/Fire      40%        2x1d6     10%         1
 Magic Dart               Conj           28%        1d4       10%         1
 Passwall                 Tmut/Erth      5%         N/A       14%         2
 Searing Ray              Conj           14%        2d5       14%         2
 Static Discharge         Conj/Air       7%         3-4/arc   14%         2
 Sublimation of Blood     Necr           7%         N/A       14%         2
 Fulminant Prism          Conj/Hex       12%        3d9       14%         4
 Conjure Flame            Conj/Fire      10%        6-21      28%         3
 Swiftness                Air            7%         N/A       28%         3
 Flame Wave               Conj/Fire      10%        2d5       67%         4
 Petrify                  Tmut/Erth      7%         N/A       67%         4
 Blade Hands              Tmut           3%         N/A       95%         5
 Irradiate                Conj/Tmut      3%         3d14      95%         5
 Lightning Bolt           Conj/Air       3%         1d15      95%         5
 Dragon Form              Tmut           3%         N/A       100%        7
 Maxwell's Capacitive Co  Air            3%         ∞         100%        8


Dungeon Overview and Level Annotations

Branches:
Dungeon (10/15)            Temple (1/1) D:6            Lair (2/6) D:10
  Swamp (0/4) Lair:2      Volcano (visited)
  Snake: Lair:2-4    Spider: Lair:2-4       Orc: D:9-12

Altars:
Ashenzari
Cheibriados
Dithmenos
Elyvilon
Fedhas
Gozag
Hepliaklqana
Kikubaaqudgha
Makhleb
Nemelex Xobeh
Okawaru
Qazlal
Ru
Sif Muna
Trog
Uskayaw
Vehumet
Wu Jian
Xom
Yredelemnul
Zin
The Shining One

Shops:
D:7 **(   D:10 !


Innate Abilities, Weirdness & Mutations

You are very small and have problems with some larger weapons.
You are too small for most types of armour.
You have supernaturally acute eyesight. (SInv)
You cover ground extremely quickly. (Speed+++)


Message History

As you read the scroll of teleportation, it crumbles to dust.
You feel strangely unstable.
You feel the power of the Abyss delaying your translocation!
The thrashing horror tramples you!
* * * LOW HITPOINT WARNING * * *
You hold your ground!
The thrashing horror completely misses you.
The thrashing horror closely misses you.
The thrashing horror barely misses you.
Casting: Dispersal (quite dangerous; 11% risk of failure)
Confirm with . or Enter, or press ? or * to list all spells.
Aiming: Slow (safe; 1% risk of failure)
Press: ? - help, Shift-Dir - straight line, f - thrashing horror
Aim: a thrashing horror (lightly damaged, chance to affect: 29%)
The thrashing horror easily resists.
The thrashing horror closely misses you.
The thrashing horror completely misses you.
Casting: Slow (safe; 1% risk of failure)
Confirm with . or Enter, or press ? or * to list all spells.
Aiming: Slow (safe; 1% risk of failure)
Press: ? - help, Shift-Dir - straight line, f/p - thrashing horror
Aim: a thrashing horror (lightly damaged, chance to affect: 29%)
The thrashing horror seems to slow down.
The thrashing horror completely misses you.
The thrashing horror tramples you.
* * * LOW HITPOINT WARNING * * *
You hold your ground!
Casting: Slow (safe; 1% risk of failure)
Confirm with . or Enter, or press ? or * to list all spells.
Okay, then.
The thrashing horror completely misses you.
The thrashing horror misses you. The thrashing horror tramples you!
* * * LOW HITPOINT WARNING * * *
You hold your ground!
The thrashing horror tramples you.
* * * LOW HITPOINT WARNING * * *
You hold your ground!
The thrashing horror completely misses you.
The thrashing horror tramples you.
You die...

. ....## . ##
#. . #....#
##. . ##.## .
.#. ..###. #
.# ..#.# #.#
.. # .##.
##.#..##
#####..#....#
##..#...X#.#
.#
##X##..#...X.
#@##...#...###
# ###....#. #
.# #
#.......## ..
...##...###.#
# #... # ..#.
#..#. . .
#..... .#...
..## . #. ..#
# # # # #.


You could see a thrashing horror (slow).

Vanquished Creatures
  Harold (D:9)
  A hydra (Lair:1)
  Erica (D:8)
  2 two-headed ogres
  Amaemon (D:8)
  A salamander (Volcano)
  A cyclops (Volcano)
  An ice statue (D:9)
  Joseph (D:7)
  A cane toad (Lair:1)
  3 gargoyles (Volcano)
  An orange demon (D:8)
  Maggie (D:9)
  Psyche (D:8)
  2 trolls
  A polar bear (Lair:1)
  A hornet (D:9)
  5 blink frogs (Lair:1)
  Prince Ribbit (D:8)
  Sigmund (D:5)
  2 wyverns
  A shadow (D:9)
  23 yaks
  3 steam dragons
  An acid dragon (D:10)
  2 water moccasins (Lair:1)
  The ghost of Brotato the Sneak, an amateur SpBr (D:3)
  Duvessa (D:7)
  A sky beast (D:8)
  3 orc warriors
  3 ice beasts
  3 centaurs
  Blork the orc (D:4)
  3 kobold brigands
  10 bullfrogs
  3 scorpions
  4 wights (D:10)
  Dowan (D:7)
  6 killer bees (D:10)
  A howler monkey (D:7)
  2 hounds
  2 jellies (D:5)
  5 orc priests
  A gnoll bouda (D:6)
  Ijyb (D:3)
  3 iguanas
  9 orc wizards
  6 adders
  7 gnolls
  2 white imps
  An ufetubus (D:6)
  A worm (D:4)
  2 dart slugs
  30 orcs
  5 endoplasms
  A giant cockroach (D:1)
  4 hobgoblins
  7 quokkas
  4 ball pythons
  10 bats
  3 frilled lizards
  5 goblins
  21 kobolds
  A rat (D:1)
234 creatures vanquished.

Vanquished Creatures (others)
  4 fungi
  8 plants
12 creatures vanquished.

Grand Total: 246 creatures vanquished

Notes
Turn   | Place    | Note
-------+----------+-------------------------------------------
     0 | D:1      | RevDB the Spriggan Arcane Marksman began the quest for the
                  | Orb.
     0 | D:1      | Reached XP level 1. HP: 9/9 MP: 3/3
   124 | D:1      | Reached skill level 1 in Fighting
   353 | D:1      | Reached XP level 2. HP: 10/14 MP: 5/5
   610 | D:1      | Found a faded altar of an unknown god.
  1460 | D:2      | Reached XP level 3. HP: 17/18 MP: 6/6
  1829 | D:2      | Found the +8 lance "Wyrmbane" {slay drac, rPois rF+ rC+
                  | AC+3}
  2247 | D:3      | Reached XP level 4. HP: 21/22 MP: 7/7
  2253 | D:3      | Noticed Ijyb
  2267 | D:3      | Killed Ijyb
  2458 | D:3      | Noticed an orc warrior
  2705 | D:2      | Learned a level 3 spell: Inner Flame
  2711 | D:2      | HP: 1/22 [orc warrior/+0 mace (4)]
  3157 | D:2      | Killed an orc warrior
  3158 | D:2      | Reached skill level 5 in Hexes
  3158 | D:2      | Reached XP level 5. HP: 25/25 MP: 6/9
  3435 | D:3      | Found a runed translucent gate.
  3436 | D:3      | Found a runed translucent gate.
  3443 | D:3      | Found a runed translucent gate.
  3445 | D:3      | Noticed Brotato's ghost (amateur SpBr)
  3764 | D:3      | Reached XP level 6. HP: 18/30 MP: 3/10
  3785 | D:3      | Reached skill level 5 in Ranged Weapons
  4017 | D:3      | Killed Brotato's ghost
  4018 | D:3      | Reached skill level 5 in Dodging
  4424 | D:4      | Reached XP level 7. HP: 33/33 MP: 5/11
  4464 | D:4      | Noticed Blork the orc
  4501 | D:4      | Killed Blork the orc
  4817 | D:5      | Entered Level 5 of the Dungeon
  4853 | D:5      | Noticed Sigmund
  5088 | D:5      | Killed Sigmund
  5616 | D:5      | Identified the +3 short sword of the Crawling Thing {holy,
                  | *Corrode rElec rPois Dex+5}
  5681 | D:5      | Reached XP level 8. HP: 37/37 MP: 15/15
  5841 | D:5      | Reached skill level 5 in Spellcasting
  5846 | D:5      | Learned a level 4 spell: Cause Fear
  6494 | D:6      | Found a staircase to the Ecumenical Temple.
  6503 | Temple   | Entered the Ecumenical Temple
  6551 | Temple   | Became a worshipper of Warmaster Okawaru
  6716 | D:7      | Found Hizxim's Assorted Antiques.
  6800 | D:7      | Found Sahoeth's Assorted Antiques.
  6886 | D:7      | Reached skill level 1 in Invocations
  6941 | D:7      | Noticed Duvessa
  6946 | D:7      | Noticed Dowan
  6947 | D:7      | Killed Duvessa
  6993 | D:7      | Killed Dowan
  7051 | D:7      | Found a burning altar of Makhleb.
  7051 | D:7      | Found a hazy altar of Hepliaklqana.
  7067 | D:7      | Noticed Joseph
  7649 | D:7      | Found Siok's Weapon Emporium.
  7698 | D:7      | Reached * piety under Okawaru
  7699 | D:7      | Reached XP level 9. HP: 30/41 MP: 17/17
  8291 | D:7      | Learned a level 3 spell: Gell's Gravitas
  8716 | D:8      | Reached skill level 5 in Translocations
  8727 | D:8      | Learned a level 3 spell: Portal Projectile
  8929 | D:8      | Noticed Prince Ribbit
  9161 | D:7      | Killed Joseph
  9391 | D:8      | Noticed Amaemon
  9392 | D:8      | Noticed an orange demon
  9427 | D:8      | Found a blossoming altar of Fedhas.
  9434 | D:8      | Noticed a two-headed ogre
  9468 | D:8      | Killed a two-headed ogre
  9468 | D:8      | Reached ** piety under Okawaru
  9746 | D:8      | Killed Prince Ribbit
  9747 | D:8      | Reached skill level 10 in Dodging
  9800 | D:8      | Noticed Erica
  9893 | D:8      | Killed Erica
  9893 | D:8      | Reached *** piety under Okawaru
  9894 | D:8      | Reached XP level 10. HP: 45/45 MP: 10/19
 10128 | D:8      | Killed an orange demon
 10168 | D:8      | Killed Amaemon
 10168 | D:8      | Reached **** piety under Okawaru
 10405 | D:9      | Noticed Harold
 10422 | D:9      | Noticed Psyche
 10430 | D:9      | Killed Harold
 10431 | D:9      | Reached skill level 10 in Ranged Weapons
 10460 | D:8      | Killed Psyche
 11240 | D:9      | Reached ***** piety under Okawaru
 11478 | D:9      | Noticed Maggie
 11486 | D:9      | Killed Maggie
 11487 | D:9      | Reached XP level 11. HP: 26/49 MP: 5/22
 11498 | D:9      | HP: 2/49 [orc priest/divine providence (13)]
 12133 | D:9      | Reached skill level 10 in Translocations
 12488 | D:10     | Entered Level 10 of the Dungeon
 12611 | D:10     | Found a staircase to the Lair.
 12686 | D:10     | Noticed a two-headed ogre
 12735 | D:10     | Killed a two-headed ogre
 13383 | D:10     | Found Cirecw's Distillery.
 13405 | D:10     | Learned a level 6 spell: Dispersal
 13545 | Lair:1   | Entered Level 1 of the Lair of Beasts
 13784 | Lair:1   | Received a gift from Okawaru
 14300 | Lair:1   | Noticed an eight-headed hydra
 14324 | Lair:1   | Killed an eight-headed hydra
 14662 | Lair:1   | Reached ****** piety under Okawaru
 14977 | Lair:2   | Found a dark tunnel.
 14982 | Volcano  | Entered a volcano
 15086 | Volcano  | Received a gift from Okawaru
 15087 | Volcano  | Reached XP level 12. HP: 56/56 MP: 14/23
 15354 | Abyss:2  | Found a corrupted altar of Lugonu.
 15354 | Abyss:2  | Cast into level 2 of the Abyss (a wizard)
 15382 | Abyss:2  | Found a corrupted altar of Lugonu.
 15401 | Abyss:2  | Noticed a tentacled monstrosity
 15424 | Abyss:2  | Found a corrupted altar of Lugonu.
 15535 | Abyss:2  | Slain by a thrashing horror

Illustrated notes

Levels and vault maps discovered:
D:1:      nzn_arrival_water_spiral, layout_loops_corners,
          shapermc_ecumenical_altar_ellora
D:2:      layout_basic, roderic_serpentine_path
D:3:      layout_basic, gammafunk_ghost_nasty_kobolds, interstate_on_off,
          kennysheep_generic_room_14, uniq_ijyb
D:4:      layout_basic, uniq_blork_the_orc
D:5:      layout_loops_ring, uniq_sigmund
D:6:      layout_basic, minmay_temple_entry_slanted
D:7:      layout_loops_cross, mainiacjoe_overflow_large_starburst, serial_shops,
          shop, nicolae_shop_waterfront, nicolae_shop_bloodbath_and_beyond,
          uniq_duvessa, uniq_joseph
D:8:      layout_basic, fedhas_ov_isle_minmay, uniq_erica, uniq_prince_ribbit1,
          uniq_amaemon
D:9:      layout_long_grid, minivault_16, uniq_psyche, uniq_maggie, uniq_harold
D:10:     layout_gridville, lair_entry_dummy, serial_shops,
          nicolae_stop_n_shop_2
Temple:   hellmonk_temple_of_storms
Lair:1:   layout_chaotic_city, infiniplex_staircase_pool_2, grunt_megastairs_5
Lair:2:   layout_loops_ring, skrybe_swamp_entry_bodies,
          nicolae_volcano_entry_s_turn, grunt_megastairs_2,
          infiniplex_staircase_pool
Abyss:2:  base:
D:12
Volcano:  hellmonk_zot_springs

Skill      XL: |  1  2  3  4  5  6  7  8  9 10 11 12 |
---------------+-------------------------------------+-----
Fighting       | 1 3 |  3.0
Dodging        | 3 4 5 6 10 12 | 12.2
Ranged Weapons | 3 4 6 7 8 9 11 12 | 12.0
Spellcasting   | 2 4 5 7 |  7.0
Hexes          | 5 6 8 9 |  9.0
Invocations    | 2 4 |  4.0
Translocations | 2 6 8 12 | 12.0

Action                   |  1- 3 |  4- 6 |  7- 9 | 10-12 || total
-------------------------+-------+-------+-------+-------++-------
Melee: Sling             |     2 |       |       |       ||     2
       Dagger            |    17 |       |       |       ||    17
       Lance             |    12 |    75 |   100 |    22 ||   209
       Punch             |       |     1 |     1 |       ||     2
 Fire: Sling             |   142 |    68 |    20 |       ||   230
       Shortbow          |       |       |   187 |    60 ||   247
       Arbalest          |       |       |       |   215 ||   215
 Cast: Slow              |     6 |    18 |    30 |    37 ||    91
       Inner Flame       |       |     5 |    29 |    43 ||    77
       Gell's Gravitas   |       |       |     3 |    36 ||    39
       Portal Projectile |       |       |     2 |       ||     2
       Dispersal         |       |       |       |     1 ||     1
Invok: Heroism           |       |       |     1 |       ||     1
  Use: Scroll            |     1 |       |     8 |     7 ||    16
 Stab: Sleeping          |       |       |     2 |       ||     2
Armor: Robe              |    11 |    10 |     3 |    15 ||    39
       Acid dragon scale |       |       |       |     1 ||     1
Dodge: Dodged            |    82 |    57 |   115 |   201 ||   455

Table legend: (Time is in decaauts)
 A = Elapsed time spent in this place.
 B = Non-inter-level travel time spent in this place.
 C = Inter-level travel time spent in this place.
 D = Time resting spent in this place.
 E = Time spent auto-exploring this place.
 F = Levels seen in this place.
 G = Mean time per level.
                   A        B        C        D        E       F      G
               +--------+--------+--------+--------+--------+-----+--------+
         Total |  12397 |  12316 |     81 |   5309 |   1063 |  15 |  826.5 |
       Dungeon |  10683 |  10612 |     71 |   4571 |    832 |  10 | 1068.3 |
        Temple |     39 |     39 |      0 |      0 |      0 |   1 |   39.0 |
          Lair |   1174 |   1165 |      9 |    481 |    198 |   2 |  587.0 |
         Abyss |    134 |    134 |      0 |      0 |     33 |   1 |  134.0 |
       Volcano |    365 |    365 |      0 |    256 |      0 |   1 |  365.0 |
               +--------+--------+--------+--------+--------+-----+--------+

Top non-repeatable levels by time:
     D:8: 1490 daAuts
     D:7: 1464 daAuts
     D:2: 1434 daAuts
     D:9: 1214 daAuts
     D:1: 1101 daAuts
  Lair:1: 1067 daAuts
     D:6: 949 daAuts
    D:10: 813 daAuts
     D:4: 806 daAuts
     D:3: 757 daAuts
     D:5: 652 daAuts
 Volcano: 365 daAuts
 Abyss:2: 134 daAuts
  Lair:2: 106 daAuts
  Temple: 39 daAuts
